 Dungeon Crawl Stone Soup version 0.30.1-4-g462c640d31 (webtiles) character file.

Game seed: 11221974505725749449

86 Kurtz the Chopper (level 4, 0/28 HPs)
             Began as a Tengu Fighter on Sept 18, 2023.
             Slain by Robin
             ... wielding a +0 falchion
              (4 damage)
             ... on level 2 of the Dungeon.
             The game lasted 00:01:05 (963 turns).

Kurtz the Chopper (Tengu Fighter)                    Turns: 963, Time: 00:01:06

Health: 0/28       AC:  6    Str: 18    XL:     4   Next: 49%
Magic:  5/5        EV:  9    Int:  9    God:
Gold:   46         SH:  4    Dex: 13    Spells: 3/3 levels left

rFire   . . .        a - +0 war axe
rCold   . . .        c - +0 buckler
rNeg    . . .        b - +0 scale mail
rPois   .            (helmet restricted)
rElec   .            (no cloak)
rCorr   .            (no gloves)
SInv    .            (boots unavailable)
Will    .....        (no amulet) Stlth
                     (no ring)
HPRegen 0.24/turn    (no ring)
MPRegen 0.09/turn

%: no passive effects
@: mighty
A: beak, talons 3
a: no special abilities


You were on level 2 of the Dungeon.
You visited 1 branch of the dungeon, and saw 2 of its levels.

You collected 46 gold pieces.

Inventory:

Hand Weapons
 a - a +0 war axe (weapon)
Armour
 b - a +0 scale mail (worn)
 c - a +0 buckler (worn)
Scrolls
 h - a scroll of teleportation {unknown}
 k - 2 scrolls of identify {unknown}
 m - a scroll of immolation {unknown}
 p - a scroll of magic mapping {unknown}
Potions
 e - a potion of heal wounds {unknown}
 f - a potion of resistance {unknown}
 g - a potion of degeneration {unknown}
 i - a potion of lignification {unknown}
 j - a potion of cancellation {unknown}
 l - 2 potions of curing {unknown}
 n - a potion of ambrosia {unknown}
 o - a potion of attraction {unknown}


   Skills:
 - Level 3.0 Fighting
 * Level 5.0 Axes
 - Level 3.2 Armour
 - Level 3.0 Shields


You had 3 spell levels left.
You didn't know any spells.
Your spell library contained the following spells:

 Spells                   Type           Power      Damage    Failure   Level
 Kiss of Death            Conj/Necr      0%         2d5       85%         1
 Static Discharge         Conj/Air       0%         2-2/arc   94%         2
 Alistair's Intoxication  Tmut/Pois      0%         N/A       100%        5
 Necromutation            Tmut/Necr      0%         N/A       100%        8


Dungeon Overview and Level Annotations

Branches:
Dungeon (2/15)

Altars:

Shops:
D:1 (

Annotations:
D:2 Robin


Innate Abilities, Weirdness & Mutations

You have a beak for a mouth.
You have claws for feet.


Message History

No target in view!
No target in view!
No target in view!
No target in view!
No target in view!
No target in view!
No target in view!
You start resting.
Something hits you.
You start resting.
Something hits you.
You are too injured to fight recklessly!
You are too injured to fight recklessly!
You are too injured to fight recklessly!
Things that are here:
a +0 dagger; a goblin corpse You closely miss something.
Your peck misses something. Something hits you but does no damage.
You miss something. Your kick misses something. Something hits you.
You barely miss something. Something hits you.
* * * LOW HITPOINT WARNING * * *
Something hits you.
* * * LOW HITPOINT WARNING * * *
You miss something. Your kick misses something. Your peck misses something.
Something hits you.
* * * LOW HITPOINT WARNING * * *
You barely miss something. You block something's attack.
Unknown command.
Something hits you but does no damage. Something hits you.
* * * LOW HITPOINT WARNING * * *
Robin appears from thin air!
Reactivating autopickup.
You barely miss Robin. Your peck misses Robin. Robin closely misses you.
Robin hits you with a +0 falchion.
* * * LOW HITPOINT WARNING * * *
You hit Robin but do no damage. Robin closely misses you.
You feel very mighty all of a sudden. You block Robin's attack.
You completely miss Robin. Your kick misses Robin.
Robin hits you with a +0 falchion.
You die...

####.### ..##...#
#....#.# ####...#
# # ####..## .#.
......# #.#
#####.# #.#
###)######.#######
#.)....†.)#).g@..#
#....#####.#####.#
#......(....g.# #
#.......###..hg.#
#.#.#..## ##....#
#.#.##.# #)......#
# #. #.#
#.g....... #. ##.
.........[ #
.#....##.##


You could see Robin.

Vanquished Creatures
  An adder (D:2)
  4 dart slugs
  3 bats (D:1)
  7 endoplasms (D:1)
  2 giant cockroaches
  12 goblins
  7 hobgoblins
  7 jackals
  2 kobolds (D:1)
  3 quokkas (D:1)
  5 ball pythons (D:1)
  2 frilled lizards (D:2)
  3 rats (D:1)
58 creatures vanquished.

Notes
Turn   | Place    | Note
-------+----------+-------------------------------------------
     0 | D:1      | Kurtz the Tengu Fighter began the quest for the Orb.
     0 | D:1      | Reached XP level 1. HP: 14/14 MP: 2/2
    41 | D:1      | Reached skill level 3 in Axes
    41 | D:1      | Reached XP level 2. HP: 12/19 MP: 3/3
   268 | D:1      | Got Imiakluc's Elucidation of Arcane Combat and the Gestalt
   274 | D:1      | Reached XP level 3. HP: 22/23 MP: 4/4
   340 | D:1      | Reached skill level 4 in Axes
   427 | D:1      | Found Juibemye's Antique Weapon Shop.
   868 | D:2      | Reached XP level 4. HP: 26/28 MP: 5/5
   920 | D:2      | Noticed Robin
   942 | D:2      | Reached skill level 5 in Axes
   963 | D:2      | Slain by Robin

Illustrated notes

Levels and vault maps discovered:
D:1:      psy_arrival_radial02, layout_basic, serial_shops, shop,
          minmay_tromino_v4_a
D:2:      layout_loops_ring, minmay_fractal_squares_5, uniq_robin, uniq_terence

Skill      XL: |  1  2  3  4 |
---------------+-------------+-----
Axes           | 3 4 5 |  5.0
Fighting       | |  3.0
Armour         | |  3.2
Shields        | |  3.0

Action                     |  1- 3 |  4- 6 || total
---------------------------+-------+-------++-------
  Melee: War axe           |    59 |    37 ||    96
         Kick              |    15 |     5 ||    20
         Peck              |     8 |     4 ||    12
    Use: Potion            |       |     1 ||     1
 Armour: Scale mail        |    30 |    12 ||    42
  Dodge: Dodged            |    22 |    15 ||    37
  Block: Buckler           |    15 |     9 ||    24
